 Dungeon Crawl Stone Soup version 0.28.0 (webtiles) character file.

Game seed: 3805526470155367530

291 Sanktem7 the Magician (level 6, -3/32 HPs)
             Began as a Deep Elf Conjurer on Feb 8, 2022.
             Slain by Duvessa (10 damage)
             ... on level 4 of the Dungeon.
             The game lasted 00:07:51 (3738 turns).

Sanktem7 the Magician (Deep Elf Conjurer)           Turns: 3738, Time: 00:07:51

Health: -3/32      AC:  2    Str:  4    XL:     6   Next: 10%
Magic:  9/17       EV: 12    Int: 25    God:
Gold:   146        SH:  0    Dex: 13    Spells: 14/17 levels left

rFire   . . .      SeeInvis .   l - +1 dagger (venom)
rCold   . . .      Faith    .   (no shield)
rNeg    . . .      Spirit   .   a - +0 robe
rPois   .          Reflect  .   (no helmet)
rElec   .          Harm     .   (no cloak)
rCorr   .          Rampage  .   (no gloves)
Will    .....                   (no boots)
Stlth   ++........              (no amulet)
HPRegen 0.10/turn               (no ring)
MPRegen 0.15/turn               (no ring)

@: no status effects
A: no striking features
a: no special abilities


You were on level 4 of the Dungeon.
You visited 1 branch of the dungeon, and saw 4 of its levels.

You collected 146 gold pieces.

Inventory:

Hand Weapons
 l - a +1 dagger of venom (weapon)
Missiles
 i - 2 throwing nets
Armour
 a - a +0 robe (worn)
Scrolls
 e - a scroll of noise
 h - a scroll of magic mapping
Potions
 b - a potion of attraction
 c - a potion of berserk rage {unknown}
 d - a potion of heal wounds {unknown}
 f - a potion of curing {unknown}
 j - 2 potions of magic
 k - a potion of brilliance {unknown}


   Skills:
 + Level 2.7 Dodging
 + Level 3.3 Stealth
 * Level 6.3 Spellcasting
 + Level 6.2 Conjurations


You had 14 spell levels left.
You knew the following spells:

 Your Spells              Type           Power      Damage    Failure   Level
a - Magic Dart            Conj           100%       1d8       1%          1
b - Searing Ray           Conj           76%        2d7       1%          2

Your spell library contained the following spells:

 Spells                   Type           Power      Damage    Failure   Level
 Dazzling Flash           Conj/Hex       46%        N/A       6%          3
 Fulminant Prism          Conj/Hex       11%        3d9       21%         4
 Iskenderun's Mystic Bla  Conj/Tloc      23%        2d6       21%         4


Dungeon Overview and Level Annotations

Branches:
Dungeon (4/15)
 Temple: D:4-7

Altars:

Annotations:
D:4 Duvessa


Message History

Confirm with . or Enter, or press ? or * to list all spells.
Aiming: Magic Dart (safe; 1% risk of failure)
Press: ? - help, Shift-Dir - straight line, f/p - Duvessa
Aim: Duvessa, wielding a +0 short sword and wearing a +0 ring mail (lightly wounded, 100% to hit)
The magic dart hits Duvessa.
Duvessa is lightly wounded.
Casting: Magic Dart (safe; 1% risk of failure)
Confirm with . or Enter, or press ? or * to list all spells.
Aiming: Searing Ray (safe; 1% risk of failure)
Press: ? - help, Shift-Dir - straight line, f/p - Duvessa
Aim: Duvessa, wielding a +0 short sword and wearing a +0 ring mail (lightly wounded, 86% to hit)
The searing ray hits Duvessa!
Duvessa is heavily wounded.
The searing ray hits Dowan.
Dowan is moderately wounded. (Press . to maintain the ray.)
The searing ray hits Duvessa.
Duvessa is heavily wounded.
The searing ray hits Dowan!
Dowan is almost dead.
Duvessa hits you with a +0 short sword!
Dowan gestures at Duvessa while chanting.
Duvessa seems to speed up.
The searing ray hits Duvessa.
Duvessa is heavily wounded.
The searing ray hits Dowan!
You kill Dowan!
Duvessa screams in rage.
Duvessa goes berserk!
Duvessa hits you with a +0 short sword. Duvessa hits you but does no damage.
You have reached level 6!
The searing ray hits Duvessa!
Duvessa is severely wounded.
You finish channelling your searing ray.
Duvessa hits you with a +0 short sword!
* * * LOW HITPOINT WARNING * * *
A goblin comes into view. It is wielding a +0 club.
Unknown command.
Duvessa hits you with a +0 short sword!
You die...

........#
........#
.......#
......##
#.....# #
#.....# .#
#.....#..#
#..@e)'..#
#...<.#g.#
#......#
.#
#......#
..
#......#
.#
#......# #
##+###..
#... ...


You could see Duvessa (berserk, fast) and a goblin.

Vanquished Creatures
  Dowan (D:4)
  A water moccasin skeleton (D:3)
  An orc wizard (D:3)
  4 gnolls (D:3)
  5 adders
  A worm (D:2)
  4 dart slugs
  6 orcs (D:3)
  5 endoplasms
  2 giant cockroaches (D:3)
  11 hobgoblins
  6 quokkas
  3 ball pythons
  3 bats
  2 frilled lizards
  7 goblins
  7 kobolds
  5 rats
74 creatures vanquished.

Vanquished Creatures (others)
  4 plants (D:3)
4 creatures vanquished.

Grand Total: 78 creatures vanquished

Notes
Turn   | Place    | Note
-------+----------+-------------------------------------------
     0 | D:1      | Sanktem7 the Deep Elf Conjurer began the quest for the Orb.
     0 | D:1      | Reached XP level 1. HP: 10/10 MP: 6/6
   216 | D:1      | Reached XP level 2. HP: 15/15 MP: 5/8
   888 | D:1      | Reached skill level 5 in Conjurations
   937 | D:1      | Reached XP level 3. HP: 19/19 MP: 7/10
  1105 | D:2      | Learned a level 2 spell: Searing Ray
  1514 | D:2      | Reached XP level 4. HP: 15/24 MP: 3/12
  1673 | D:2      | Found a faded altar of an unknown god.
  2348 | D:3      | Reached skill level 5 in Spellcasting
  2348 | D:3      | Reached XP level 5. HP: 8/28 MP: 5/14
  3728 | D:4      | Noticed Dowan
  3729 | D:4      | Noticed Duvessa
  3736 | D:4      | Killed Dowan
  3737 | D:4      | Reached XP level 6. HP: 15/32 MP: 10/17
  3738 | D:4      | Slain by Duvessa

Illustrated notes

Levels and vault maps discovered:
D:1:      dpeg_arrival_simpleton_b, layout_basic, minmay_ruptured
D:2:      layout_basic, nicolae_ecumenical_snake_handling, minmay_tall_x
D:3:      corexii_shack_village, layout_basic
D:4:      layout_gridville, hangedman_feature_mirror, uniq_menkaure,
          uniq_duvessa, uniq_crazy_yiuf_cottage

Skill      XL: |  1  2  3  4  5 |
---------------+----------------+-----
Conjurations   | 5 6 |  6.2
Spellcasting   | 4 5 6 |  6.3
Stealth        | 3 |  3.3
Dodging        | |  2.7

Action                   |  1- 3 |  4- 6 || total
-------------------------+-------+-------++-------
 Cast: Magic Dart        |    70 |    84 ||   154
       Searing Ray       |       |     3 ||     3
  Use: Scroll            |     2 |     4 ||     6
Armor: Robe              |     2 |     3 ||     5
Dodge: Dodged            |     3 |     5 ||     8
